 Dungeon Crawl Stone Soup version 0.21.0-3-g78d12a8 (webtiles) character file.

3263 MTVSty1e the Basher (level 10, -1/53 HPs)
             Began as a Gargoyle Gladiator on Jan 15, 2018.
             Slain by Snorg (15 damage)
             ... on level 10 of the Dungeon.
             The game lasted 00:11:52 (7292 turns).

MTVSty1e the Basher (Gargoyle Gladiator)            Turns: 7292, Time: 00:11:53

Health: -1/53      AC: 25    Str: 22    XL:     10   Next: 0%
Magic:  19/19      EV:  7    Int:  8    God:
Gold:   527        SH:  5    Dex: 17    Spells: 9/9 levels left

rFire    . . .     SeeInvis .   r - +1 flail (protect)
rCold    . . .     Gourm    .   (no shield)
rNeg     + . .     Faith    .   E - +0 plate armour
rPois    ∞         Spirit   .   (helmet restricted)
rElec    +         Reflect  +   m - +0 cloak
rCorr    +         Harm     .   (no gloves)
MR       .....                  (no boots)
Stlth    ..........             C - +5 amulet of reflection
HPRegen  0.17/turn              p - ring of wizardry
MPRegen  0.16/turn              v - ring of Hos Vuir {rCorr rElec MP+9 Dex+6}

@: protection aura
A: antennae 1, negative energy resistance 1, electricity resistance,
unbreathing, petrification resistance, no potion heal 1, rot immunity, AC +7
a: no special abilities


You were on level 10 of the Dungeon.
You were not hungry.

You visited 2 branches of the dungeon, and saw 9 of its levels.

You collected 527 gold pieces.

Inventory:

Hand Weapons
 a - a +0 flail
 r - a +1 flail of protection (weapon)
Missiles
 d - 3 throwing nets (quivered)
Armour
 c - a +0 helmet
 m - a +0 cloak (worn)
 n - a scarf of spirit shield
 E - a +0 plate armour (worn)
Jewellery
 p - a ring of wizardry (left hand)
 v - the ring of Hos Vuir (right hand) {rCorr rElec MP+9 Dex+6}
   (You found it on level 4 of the Dungeon)

   [ring of resist corrosion]

   It affects your dexterity (+6).
   It insulates you from electricity.
   It affects your magic capacity (+9).
 C - a +5 amulet of reflection (around neck)
Wands
 x - a wand of paralysis (15)
 y - a wand of flame (12)
Scrolls
 j - 3 scrolls of remove curse
 k - 3 scrolls of identify
 l - 5 scrolls of enchant weapon
 o - a scroll of magic mapping
 q - 2 scrolls of fog
Potions
 e - a potion of lignification
 t - a potion of mutation
 u - 2 potions of resistance
 z - a potion of brilliance
 B - a potion of flight {unknown}
Books
 g - a book of Cantrips

   Spells                             Type                      Level
   a - Confusing Touch                Hexes                        1
   b - Animate Skeleton               Necromancy                   1
   c - Summon Small Mammal            Summoning                    1
   d - Apportation                    Translocation                1
 h - a book of Maledictions

   Spells                             Type                      Level
   a - Corona                         Hexes                        1
   b - Ensorcelled Hibernation        Hexes/Ice                    2
   c - Confuse                        Hexes                        3
   d - Tukima's Dance                 Hexes                        3
   e - Dazzling Spray                 Conjuration/Hexes            3
Comestibles
 f - 5 rations


   Skills:
 - Level 2.1 Fighting
 + Level 13.5 Maces & Flails
 - Level 1.7 Throwing
 - Level 2.4 Dodging


You had 9 spell levels left.
You didn't know any spells.

Dungeon Overview and Level Annotations

Branches:
Dungeon (10/15)            Temple (1/1) D:5
   Lair: D:8-11         Orc: D:9-12

Altars:
Ashenzari
Cheibriados
Dithmenos
Elyvilon
Fedhas
Gozag
Hepliaklqana
Kikubaaqudgha
Makhleb
Nemelex Xobeh
Okawaru
Qazlal
Ru
Sif Muna
Trog
Uskayaw
Vehumet
Wu Jian
Xom
Yredelemnul
The Shining One

Shops:
D:4 [   D:9 [

Annotations:
D:10 Snorg


Innate Abilities, Weirdness & Mutations

You are resistant to torment.
Your stone body is resilient. (AC +7)
You are immune to poison.
You resist negative energy. (rN+)
You are resistant to electric shocks. (rElec)
You can survive without breathing.
You are immune to petrification.
You are immune to rotting.
You have a pair of small antennae on your head.
Potions are less effective at restoring your health.


Message History

Your weapon exudes an aura of protection.
Snorg is lightly wounded.
You hit Snorg.
Snorg is lightly wounded.
Snorg goes berserk!
You barely miss Snorg.
Snorg is lightly wounded.
Snorg bites you!! Snorg barely misses you. x2
You hit Snorg.
Snorg is lightly wounded.
Snorg bites you! Snorg claws you but does no damage. Snorg closely misses you.
You are too injured to fight recklessly!
You are too injured to fight recklessly!
Snorg bites you! You block Snorg's attack. Snorg claws you.
* * * LOW HITPOINT WARNING * * *
Snorg bites you but does no damage. You block Snorg's attack.
Snorg claws you but does no damage.
There is a stone staircase leading up here.
Snorg bites you!
You die...

#...).o...#
#####
#####/[####
#.).. #.[#
#.### ##o.#
#.# #
##...# #.#
##....# #†#
##.##..##
#.#
#.##..#.#
#.#
##.#@..##
#######.#
##.T.##
#.......#
##..#
#.#######
#..# #.#
#######..#
#.#
.......).#
#.#
#######)##
#.# #"# #.#
#.# #.#


You could see Snorg (berserk) and an orc wizard.

Vanquished Creatures
  Erica (D:10)
  Sigmund (D:6)
  A water moccasin (D:4)
  A swamp drake (D:10)
  A sky beast (D:10)
  2 orc warriors
  3 ice beasts
  3 ogres (D:5)
  2 centaurs
  2 scorpions
  A howler monkey (D:5)
  3 killer bees (D:10)
  2 crimson imps
  2 jellies (D:6)
  2 orc priests (D:9)
  4 hounds
  An iron imp (D:10)
  A centaur skeleton (D:5)
  8 orc wizards
  3 iguanas
  A worker ant (D:4)
  A worker ant zombie (D:5)
  8 gnolls
  12 adders
  A shadow imp (D:10)
  2 oozes
  An adder skeleton (D:4)
  3 worms
  3 dart slugs
  4 leopard geckos
  20 orcs
  A ball python (D:1)
  5 giant cockroaches
  6 goblins
  13 hobgoblins
  11 jackals
  4 quokkas
  8 bats
  7 frilled lizards
  5 kobolds
  9 rats
169 creatures vanquished.

Vanquished Creatures (others)
  2 orcs (D:10)
2 creatures vanquished.

Grand Total: 171 creatures vanquished

Notes
Turn   | Place    | Note
-------+----------+-------------------------------------------
     0 | D:1      | MTVSty1e the Gargoyle Gladiator began the quest for the Orb.
     0 | D:1      | Reached XP level 1. HP: 12/12 MP: 1/1
    80 | D:1      | Reached XP level 2. HP: 11/17 MP: 2/2
   337 | D:1      | Reached skill level 4 in Maces & Flails
   352 | D:1      | Reached XP level 3. HP: 19/21 MP: 3/3
   683 | D:2      | Found a shadowy altar of Dithmenos.
   711 | D:2      | Found a blossoming altar of Fedhas.
   817 | D:2      | Reached XP level 4. HP: 20/26 MP: 4/4
   840 | D:2      | Reached skill level 5 in Maces & Flails
  1624 | D:3      | Reached XP level 5. HP: 12/30 MP: 2/5
  1754 | D:3      | Found a burning altar of Makhleb.
  2047 | D:3      | Reached skill level 6 in Maces & Flails
  2526 | D:4      | Found a shattered altar of Ashenzari.
  2557 | D:4      | Reached XP level 6. HP: 28/35 MP: 6/6
  2573 | D:4      | Reached skill level 7 in Maces & Flails
  2793 | D:4      | Got a smoking turquoise ring
  2794 | D:4      | Found Fuet's Antique Armour Emporium.
  2812 | D:4      | Identified the ring of Hos Vuir {rCorr rElec MP+9 Dex+6} (You found it on level 4 of the Dungeon)
  2826 | D:4      | Noticed a water moccasin
  2849 | D:4      | Killed a water moccasin
  2975 | D:4      | Reached XP level 7. HP: 25/40 MP: 7/7
  3291 | D:4      | Reached skill level 8 in Maces & Flails
  3526 | D:4      | Found a radiant altar of Vehumet.
  3615 | D:5      | Entered Level 5 of the Dungeon
  3665 | D:5      | Found a staircase to the Ecumenical Temple.
  3690 | Temple   | Entered the Ecumenical Temple
  3984 | D:5      | Found a sacrificial altar of Ru.
  3985 | D:5      | Found a deep blue altar of Sif Muna.
  4103 | D:5      | Reached skill level 9 in Maces & Flails
  4183 | D:5      | Reached XP level 8. HP: 26/44 MP: 8/8
  4726 | D:5      | Reached skill level 10 in Maces & Flails
  4742 | D:5      | Found a glowing golden altar of the Shining One.
  4811 | D:6      | Noticed Sigmund
  4838 | D:6      | Killed Sigmund
  5175 | D:6      | You fall through a shaft for 3 floors!
  5243 | D:9      | Reached skill level 11 in Maces & Flails
  5400 | D:9      | Reached XP level 9. HP: 33/48 MP: 9/9
  5746 | D:9      | Found a white marble altar of Elyvilon.
  5833 | D:9      | Found Cuzig's Antique Armour Shop.
  6210 | D:10     | Entered Level 10 of the Dungeon
  6210 | D:10     | Noticed Erica
  6233 | D:10     | Killed Erica
  6233 | D:10     | Reached skill level 12 in Maces & Flails
  6788 | D:10     | Reached skill level 13 in Maces & Flails
  6951 | D:10     | Gained mutation: Potions are less effective at restoring your health. [potion of mutation]
  6951 | D:10     | Gained mutation: You have a pair of small antennae on your head. [potion of mutation]
  6953 | D:10     | Reached XP level 10. HP: 14/53 MP: 10/10
  7280 | D:10     | Noticed Snorg
  7292 | D:10     | Slain by Snorg

Skill      XL: |  1  2  3  4  5  6  7  8  9 |
---------------+----------------------------+-----
Maces & Flails | 4 5 6 7 9 11 13 | 13.5
Fighting       | |  2.1
Throwing       | |  1.7
Dodging        | |  2.4

Action                   |  1- 3 |  4- 6 |  7- 9 | 10-12 || total
-------------------------+-------+-------+-------+-------++-------
Melee: Flail             |    94 |   231 |   460 |     8 ||   793
  Use: Potion            |       |     2 |     7 |       ||     9
       Scroll            |       |       |    11 |       ||    11
 Stab: Sleeping          |     1 |       |       |       ||     1
       Distracted        |       |       |     1 |       ||     1
  Eat: Ration            |       |     2 |     3 |       ||     5
       Chunk             |       |     2 |     2 |       ||     4
Armor: Leather armour    |    55 |   131 |    52 |       ||   238
       Skin              |       |     7 |     6 |       ||    13
       Scale mail        |       |       |   117 |       ||   117
       Plate armour      |       |       |    28 |     6 ||    34
Dodge: Dodged            |    94 |   197 |   254 |     6 ||   551
Block: Other             |       |       |    22 |     3 ||    25
       Reflection        |       |       |     2 |       ||     2
